 Dungeon Crawl Stone Soup version 0.29-a0-275-g389c0b56f3 (webtiles) character file.

Game seed: 12617153591844720289

43 Anunax the Scratcher (level 3, -6/15 HPs)
             Began as a Felid Transmuter on Mar 10, 2022.
             Killed from afar by Natasha (10 damage)
             ... with a magic dart
             ... on level 2 of the Dungeon.
             The game lasted 00:05:36 (1253 turns).

Anunax the Scratcher (Felid Transmuter)             Turns: 1253, Time: 00:05:37

Health: -6/15      AC:  1    Str:  8    XL:     3   Next: 37%
Magic:  7/7        EV: 18    Int: 14    God:
Gold:   95         SH:  0    Dex: 16    Spells: 5/6 levels left
                                        Lives:  0   Deaths: 0

rFire   . . .      SeeInvis +     - Unarmed
rCold   . . .      Faith    .   (shield unavailable)
rNeg    . . .      Spirit   .   (body armour unavailable)
rPois   .          Reflect  .   (helmet unavailable)
rElec   .          Harm     .   (cloak unavailable)
rCorr   .          Rampage  .   (gloves unavailable)
Will    .....                   (boots unavailable)
Stlth   +.........              (no amulet)
HPRegen 0.05/turn               (no ring)
MPRegen 0.10/turn               (no ring)

@: slowed, slow
A: very small, claws 1, fangs 3, see invisible, speed 1, shaggy fur 1, stealthy
paws, no weapons or thrown items, no armour, multi-lived
a: no special abilities


You were on level 2 of the Dungeon.
You visited 1 branch of the dungeon, and saw 2 of its levels.

You collected 95 gold pieces.

Inventory:

Scrolls
 c - 2 scrolls of magic mapping {unknown}
 d - a scroll of fog {unknown}
Potions
 a - a potion of lignification
 b - a potion of curing {unknown}


   Skills:
 + Level 1.0 Fighting
 + Level 3.3 Dodging
 + Level 0.1 Stealth
 + Level 3.7 Unarmed Combat
 + Level 2.3 Spellcasting
 + Level 2.5 Transmutations


You had 5 spell levels left.
You knew the following spells:

 Your Spells              Type           Power      Damage    Failure   Level
a - Beastly Appendage     Tmut           16%        N/A       9%          1

Your spell library contained the following spells:

 Spells                   Type           Power      Damage    Failure   Level
 Wereblood                Tmut           8%         N/A       12%         2
 Magic Dart               Conj           4%         1d3       22%         1
 Searing Ray              Conj           2%         2d4       34%         2
 Spider Form              Tmut/Pois      5%         N/A       38%         3
 Ice Form                 Ice/Tmut       5%         N/A       80%         4
 Fulminant Prism          Conj/Hex       0%         3d6       92%         4


Dungeon Overview and Level Annotations

Branches:
Dungeon (2/15)

Altars:

Shops:
D:1 =

Annotations:
D:2 Natasha, Terence


Innate Abilities, Weirdness & Mutations

You have sharp claws.
You have razor-sharp teeth.
You have supernaturally acute eyesight. (SInv)
You cover ground quickly. (Speed+)
You are covered in fur. (AC +1)
Your paws help you pounce on unaware monsters.
You are incapable of wielding weapons or throwing items.
You cannot wear armour.
You gain extra lives every three experience levels.


Message History

Found a hand axe.
Your horns disappear.
Natasha and Terence come into view.
Natasha is carrying a wand of flame (9).
Natasha hisses angrily.
Natasha mumbles some strange words.
Natasha shimmers violently.
Natasha mumbles some strange words.
Casting: Beastly Appendage (safe; 9% risk of failure)
Confirm with . or Enter, or press ? or * to list all spells.
You grow a pair of large bovine horns.
You scratch Natasha. Your headbutt misses Natasha. Your bite misses Natasha.
Natasha is moderately wounded.
Natasha zaps a wand.
The puff of flame hits you.
You closely miss Natasha.
Natasha is moderately wounded.
Natasha claws you.
You see here an adder corpse.
Natasha stares at you and mumbles some strange words.
You resist with some effort.
Natasha stares at you and mumbles some strange words.
You feel yourself slow down. Natasha casts a spell at you.
You feel as though you will be slow longer.
The shadow imp shouts, "Scamper away, thou dissembling beetle-headed joithead!"
Natasha casts a spell.
Your transformation is almost over.
The shadow imp closely misses you.
The crimson imp blinks!
The shadow imp completely misses you.
Natasha zaps a wand.
The puff of flame misses you.
Natasha casts a spell.
The crimson imp blinks!
Your horns disappear.
Natasha zaps a wand.
The puff of flame hits you.
* * * LOW HITPOINT WARNING * * *
Natasha hisses.
Natasha casts a spell at you. The magic dart hits you!
Ouch! That really hurt!
You die...

#### #..# ###..+ #....#
#.##.#
#############?##.#
..............##@### +#
.###############.#.##)#
.# #####h..#..# .#
#...†......# .#
#.#..5#.##<... .#####
#..###.5# ### .....#
#.#####@# .###.#
#.##...)# .# #.#
#.##h##.#


You could see Terence, Natasha and 2 crimson imps.

Vanquished Creatures
  A gnoll (D:1)
  An adder (D:2)
  A dart slug (D:1)
  An endoplasm (D:2)
  A giant cockroach (D:1)
  3 goblins (D:1)
  A hobgoblin (D:1)
  A quokka (D:1)
  A ball python (D:1)
  4 bats (D:1)
  2 frilled lizards
  3 kobolds (D:1)
  2 rats (D:1)
22 creatures vanquished.

Notes
Turn   | Place    | Note
-------+----------+-------------------------------------------
     0 | D:1      | Anunax the Felid Transmuter began the quest for the Orb.
     0 | D:1      | Reached XP level 1. HP: 9/9 MP: 4/4
   222 | D:1      | Reached XP level 2. HP: 7/12 MP: 6/6
   579 | D:1      | Found Eguew's Jewellery Emporium.
   601 | D:1      | Reached XP level 3. HP: 7/15 MP: 7/7
  1219 | D:2      | Noticed Natasha
  1219 | D:2      | Noticed Terence
  1253 | D:2      | Killed from afar by Natasha

Illustrated notes

Levels and vault maps discovered:
D:1:      roderic_chinese_lattice_arrival, layout_rooms, serial_shops, shop
D:2:      layout_loops_ring, basic_altar, basic_ecumenical_altar,
          kennysheep_generic_room_8, uniq_natasha, uniq_sigmund, uniq_terence

Skill      XL: |  1 |
---------------+----+-----
Dodging        | 3 |  3.3
Fighting       | |  1.0
Stealth        | |  0.1
Unarmed Combat | |  3.7
Spellcasting   | |  2.3
Transmutations | |  2.5

Action                   || total
-------------------------++-------
Melee: Unarmed           ||    59
       Bite              ||     3
       Punch             ||     1
       Headbutt          ||     3
 Cast: Beastly Appendage ||    13
  Use: Scroll            ||     1
Armor: Skin              ||    13
Dodge: Dodged            ||    48

Table legend: (Time is in decaauts)
 A = Elapsed time spent in this place.
 B = Non-inter-level travel time spent in this place.
 C = Inter-level travel time spent in this place.
 D = Time resting spent in this place.
 E = Time spent auto-exploring this place.
 F = Levels seen in this place.
 G = Mean time per level.
                   A        B        C        D        E       F      G
               +--------+--------+--------+--------+--------+-----+--------+
         Total |   1137 |   1077 |     60 |    416 |    406 |   2 |  568.5 |
       Dungeon |   1137 |   1077 |     60 |    416 |    406 |   2 |  568.5 |
               +--------+--------+--------+--------+--------+-----+--------+

Top non-repeatable levels by time:
     D:1: 1019 daAuts
     D:2: 117 daAuts
